 Dungeon Crawl Stone Soup version 0.25-a0-189-gf71692caf1 (console) character file.

Game seed: 14655912014178337478, levelgen mode: deterministic

811 Kagalorn the Thaumaturge (level 7, -2/32 HPs)
             Began as a Spriggan Enchanter on Nov 29, 2019.
             Slain by an orc warrior
             ... wielding a +0 halberd
              (14 damage)
             ... on level 6 of the Dungeon.
             The game lasted 00:13:21 (5089 turns).

Kagalorn the Thaumaturge (Spriggan Enchanter)       Turns: 5089, Time: 00:13:22

Health: -2/32      AC:  7    Str:  9    XL:     7   Next: 61%
Magic:  19/19      EV: 22    Int: 16    God:
Gold:   248        SH:  0    Dex: 17    Spells: 16/22 levels left

rFire    + . .     SeeInvis +   a - +1 dagger (elec)
rCold    + . .     Gourm    .   (shield restricted)
rNeg     . . .     Faith    .   G - +1 robe {rC+ rF+}
rPois    .         Spirit   .   (helmet restricted)
rElec    .         Reflect  .   l - +1 cloak
rCorr    .         Harm     .   (gloves unavailable)
MR       +....                  (boots unavailable)
Stlth    ++++......             (no amulet)
HPRegen  0.10/turn              s - +4 ring of evasion
MPRegen  0.16/turn              (no ring)

@: mighty, flying, very slightly contaminated, invisible, very quick
A: very small, unfitting armour, icy blue scales 1, see invisible, dopey 1,
herbivore, speed 3, slow metabolism 2
a: no special abilities


You were on level 6 of the Dungeon.
You were very hungry.

You visited 2 branches of the dungeon, and saw 7 of its levels.

You collected 248 gold pieces.

Inventory:

Hand Weapons
 a - a +1 dagger of electrocution (weapon)
 H - a cursed -3 long sword
Missiles
 b - 11 poisoned darts
 c - 308 stones (quivered)
 f - 59 sling bullets
 j - 101 arrows
Armour
 l - a +1 cloak (worn)
 y - a scarf of repulsion
 E - a scarf of cloud immunity
 G - a +1 robe of resistance (worn)
Jewellery
 m - a +2 ring of dexterity {unknown}
 s - a +4 ring of evasion (left hand)
 u - a cursed -2 ring of protection {unknown}
Scrolls
 g - a scroll of magic mapping {unknown}
 h - 5 scrolls of teleportation {unknown}
 i - 5 scrolls of blinking {unknown}
 p - 4 scrolls of remove curse {unknown}
 w - 3 scrolls of identify {unknown}
 x - a scroll of fog {unknown}
 A - a scroll of noise {unknown}
 B - a scroll of amnesia {unknown}
 C - a scroll of immolation {unknown}
 F - a scroll of enchant weapon {unknown}
 I - a scroll of enchant armour {unknown}
Potions
 e - a potion of might
 n - a potion of haste {unknown}
 o - a potion of flight
 q - a potion of degeneration {unknown}
 r - a potion of brilliance {unknown}
 t - a potion of mutation
 v - a potion of magic {unknown}
 z - a potion of heal wounds {unknown}
 D - a potion of cancellation {unknown}
Comestibles
 d - 6 rations


   Skills:
 - Level 1.1 Short Blades
 - Level 3.0 Dodging
 + Level 7.4 Stealth
 * Level 8.0 Spellcasting
 - Level 5.0 Hexes
 + Level 2.4 Ice Magic


You had 16 spell levels left.
You knew the following spells:

 Your Spells              Type           Power        Failure   Level  Hunger
a - Ensorcelled Hibernat  Hex/Ice        ###...       3%          2    None
b - Confuse               Hex            ###.....     4%          3    ##.....
l - Corona                Hex            ###....      1%          1    None

Your spell library contained the following spells:

 Spells                   Type           Power        Failure   Level  Hunger
 Tukima's Dance           Hex            ###.....     4%          3    ##.....
 Dazzling Spray           Conj/Hex       ##....       12%         3    ##.....


Dungeon Overview and Level Annotations

Branches:
Dungeon (6/15)             Temple (1/1) D:5

Altars:
Ashenzari
Dithmenos
Elyvilon
Fedhas
Hepliaklqana
Kikubaaqudgha
Nemelex Xobeh
Okawaru
Qazlal
Ru
Uskayaw
Vehumet
Wu Jian
Xom
Yredelemnul
Zin
The Shining One


Innate Abilities, Weirdness & Mutations

You are very small and have problems with some larger weapons.
You are too small for most types of armour.
You have supernaturally acute eyesight. (SInv)
You are a herbivore.
You cover ground extremely quickly.
You need to consume almost no food.
You are partially covered in icy blue scales. (AC +2)
You are dopey. (Int -2)


Message History

You feel weaker.
You feel stronger.
A giant cockroach comes into view.
The crimson imp hits you but does no damage.
The orc priest looks satisfied for a moment.
The orc warrior hits you from afar with a +0 halberd!
Ouch! That really hurt!
It was a potion of invisibility.
You fade into invisibility!
The crimson imp barely misses you.
The orc priest hits you but does no damage.
You are very lightly contaminated with residual magic.
An orc priest comes into view. It is wielding a +0 hand axe.
The crimson imp completely misses you.
You bump into the rock wall.
The orc wizard completely misses you.
An orc priest comes into view.
You bump into the rock wall.
You feel less confused.
The crimson imp shouts, "Crawl home, thou villainous onion-eyed supper-setting!"
The orc warrior hits you with a +0 halberd!
You die...

..# #.#
#.#
####Z#
..##o#
#.##o#
#.##.#
#.##o#
#<@o5#
###oo#
#s....#
#o###.#
... #
##..
#.##
#.# #.#


You could see an orc warrior, 3 orc priests, an orc wizard, a crimson imp and a
giant cockroach (wandering).

Vanquished Creatures
  Sigmund (D:4)
  A phantom (D:5)
  An ogre (D:4)
  A scorpion (D:4)
  A bullfrog zombie (D:5)
  A bullfrog skeleton (D:2)
  An orc wizard (D:3)
  2 iguanas (D:4)
  4 worker ants
  A hound zombie (D:3)
  5 adders
  A shadow imp (D:5)
  3 oozes
  2 worms (D:3)
  8 dart slugs
  3 leopard geckos
  13 orcs
  4 giant cockroaches
  15 goblins
  10 hobgoblins
  2 jackals (D:2)
  3 quokkas
  4 bats
  6 frilled lizards
  9 kobolds
  A quokka skeleton (D:5)
  4 rats
107 creatures vanquished.

Notes
Turn   | Place    | Note
-------+----------+-------------------------------------------
     0 | D:1      | Kagalorn the Spriggan Enchanter began the quest for the
                  | Orb.
     0 | D:1      | Reached XP level 1. HP: 9/9 MP: 5/5
    77 | D:1      | Reached skill level 3 in Spellcasting
   303 | D:1      | Reached XP level 2. HP: 13/13 MP: 7/7
   307 | D:1      | Learned a level 2 spell: Ensorcelled Hibernation
  1077 | D:2      | Reached XP level 3. HP: 16/16 MP: 9/9
  1264 | D:2      | Learned a level 3 spell: Confuse
  1438 | D:2      | Reached skill level 4 in Spellcasting
  1640 | D:2      | Reached XP level 4. HP: 19/21 MP: 11/11
  1843 | D:2      | Reached skill level 5 in Hexes
  2136 | D:3      | Reached skill level 1 in Ice Magic
  2187 | D:3      | Reached skill level 5 in Spellcasting
  2281 | D:3      | Reached XP level 5. HP: 18/24 MP: 8/13
  2608 | D:3      | Found a sparkling altar of Nemelex Xobeh.
  2916 | D:4      | Reached skill level 5 in Stealth
  3015 | D:4      | Reached skill level 6 in Spellcasting
  3015 | D:4      | Reached XP level 6. HP: 27/28 MP: 16/16
  3609 | D:4      | Found an ornate altar of the Wu Jian Council.
  3610 | D:4      | Noticed Sigmund
  3634 | D:4      | Killed Sigmund
  3634 | D:4      | Reached skill level 7 in Spellcasting
  3634 | D:4      | Reached XP level 7. HP: 32/32 MP: 5/18
  4132 | D:5      | Entered Level 5 of the Dungeon
  4136 | D:5      | Found a staircase to the Ecumenical Temple.
  4145 | Temple   | Entered the Ecumenical Temple
  4851 | D:5      | Reached skill level 8 in Spellcasting
  5084 | D:6      | Gained mutation: You are dopey. (Int -2) [potion of
                  | mutation]
  5084 | D:6      | Gained mutation: You are partially covered in icy blue
                  | scales. (AC +2) [potion of mutation]
  5084 | D:6      | Gained mutation: You are weak. (Str -2) [potion of
                  | mutation]
  5084 | D:6      | Lost mutation: You are weak. (Str -2) [potion of mutation]
  5089 | D:6      | Slain by an orc warrior

Levels and vault maps discovered:
D:1:      dpeg_arrival_morbid_curiosity, layout_basic
D:2:      layout_basic, patterned_corridor
D:3:      layout_loops_ring, nemelex_dance_club_becter
D:4:      wander_river, layout_layer_cave, old_standard_altar, first_ration,
          uniq_sigmund
D:5:      layout_gridville, minmay_temple_entry_statues_fountains
D:6:      layout_loops_ring, grunt_temple_overflow_diamond, serial_shops, shop,
          shop_statue, shop, water_boxes_lemuel
Temple:   regret_index_temple_waves

Skill      XL: |  1  2  3  4  5  6  7 |
---------------+----------------------+-----
Spellcasting   | 3 4 5 6 7 8 |  8.0
Hexes          | 4 5 |  5.0
Ice Magic      | 1 2 |  2.4
Stealth        | 5 6 7 |  7.4
Short Blades   | |  1.1
Dodging        | |  3.0

Action                   |  1- 3 |  4- 6 |  7- 9 || total
-------------------------+-------+-------+-------++-------
Melee: Dagger            |   174 |   167 |    45 ||   386
 Cast: Ensorcelled Hiber |    18 |    42 |     4 ||    64
       Confuse           |       |     5 |     7 ||    12
  Use: Potion            |       |       |     4 ||     4
 Stab: Sleeping          |    20 |    31 |     8 ||    59
       Distracted        |     2 |       |       ||     2
       Confused          |       |     4 |     3 ||     7
  Eat: Ration            |       |       |     1 ||     1
Armor: Robe              |    20 |    15 |     6 ||    41
Dodge: Dodged            |   139 |   144 |    33 ||   316

Table legend:
 A = Non-vault XP
 B = Vault XP
 C = Vault XP percentage of total XP
 D = Non-vault monster count
 E = Vault monster count
 F = Vault count percentage of total count
                 A         B        C        D         E       F
            +---------+---------+-------+---------+---------+-------
      Total |     921 |     238 |  20.5 |      99 |       8 |   7.5
            +---------+---------+-------+---------+---------+-------
        D:1 |      24 |       8 |  25.0 |      11 |       5 |  31.2
        D:2 |     134 |       0 |   0.0 |      33 |       0 |   0.0
        D:3 |     127 |      10 |   7.3 |      27 |       2 |   6.9
        D:4 |     369 |     220 |  37.4 |      17 |       1 |   5.6
        D:5 |     267 |       0 |   0.0 |      11 |       0 |   0.0
            +---------+---------+-------+---------+---------+-------
